 Dungeon Crawl Stone Soup version 0.19-a0-1292-g796ee4d (webtiles) character file.

100 jacquesderrida the Slasher (level 4, -3/22 HPs)
             Began as a Vine Stalker Wanderer on Aug 30, 2016.
             Was an Initiate of Ashenzari.
             Slain by a wraith (6 damage)
             ... in an ossuary.
             The game lasted 00:03:30 (727 turns).

jacquesderrida the Slasher (Vine Stalker Wanderer)   Turns: 727, Time: 00:03:30

Health: -3/22      AC:  6    Str: 10 (12) XL:     4   Next: 74%
Magic:  0/5        EV: 13    Int: 16 (19) God:    Ashenzari [......]
Gold:   126        SH:  0    Dex: 19 (20) Spells: 0 memorised, 3 levels left

rFire  . . .     SeeInvis .     a - +2 falchion
rCold  . . .     Gourm    .     e - +0 scale mail
rNeg   . . .     Faith    .     (no shield)
rPois  .         Spirit   +     (no helmet)
rElec  .         Dismiss  .     (no cloak)
rCorr  .         Reflect  .     (no gloves)
MR     .....     Harm     .     (no boots)
Stlth  ++........               (no amulet)
                                (no ring)
                                (no ring)

@: brilliant, agile, slowed, very slow
A: fangs 2, regeneration 1, magic shield, antimagic bite, no device heal 3, rot
immunity
a: Curse Item, Renounce Religion


You were in an ossuary.
You worshipped Ashenzari.
Ashenzari was noncommittal.
You were not hungry.

You visited 1 branch of the dungeon, and saw 5 of its levels.
You also visited: Ossuary.

You collected 126 gold pieces.

Inventory:

Hand Weapons
 a - a +2 falchion (weapon)
 d - a +0 dagger
 n - a +0 scimitar
Armour
 c - a +0 robe
 e - a +0 scale mail (worn)
Scrolls
 g - a scroll of magic mapping {unknown}
 i - 4 scrolls of identify {unknown}
 k - a scroll of fear {unknown}
 l - 4 scrolls of teleportation {unknown}
 m - a scroll of noise {unknown}
 q - a scroll of remove curse
 t - a scroll of torment {unknown}
Potions
 b - 2 potions of lignification
 h - a potion of degeneration
Comestibles
 f - 2 bread rations
 o - a slice of pizza
 p - 2 fruits


   Skills:
 - Level 1.0 Fighting
 + Level 4.3 Long Blades
 - Level 1.0 Dodging
 - Level 2.4 Stealth
   Level 1.0 Shields
 - Level 3.0 Unarmed Combat


You had 3 spell levels left.
You didn't know any spells.

Dungeon Overview and Level Annotations

Branches:
Dungeon (5/15)
 Temple: D:4-7

Altars:
Ashenzari
Dithmenos
Elyvilon

Shops:
D:5 }


Innate Abilities, Weirdness & Mutations

You have extremely sharp teeth.
Your natural rate of healing is unusually fast.
When hurt, damage is shared between your health and your magic reserves.
Your bite disrupts and absorbs the magic of your enemies.
Potions and wands cannot restore your health.
You are immune to rotting.


Message History

You hit the wraith but do no damage. The wraith closely misses you.
You riposte.
You hit the wraith but do no damage. You bite the wraith. You drain its power.
You feel invigorated.
The wraith is lightly damaged.
The wraith hits you. The wraith drains your vigour!
You feel as though you will be slow longer.
You closely miss the wraith. Your bite misses the wraith.
The wraith is lightly damaged.
The wraith hits you but does no damage. The wraith barely misses you.
You riposte.
You barely miss the wraith. You bite the wraith, but do no damage.
You hit the wraith but do no damage. Your bite misses the wraith.
The wraith hits you but does no damage.
You hit the wraith but do no damage. Your bite misses the wraith.
The wraith closely misses you.
You riposte.
You hit the wraith but do no damage. Your bite misses the wraith.
The wraith hits you!
* * * LOW HITPOINT WARNING * * *
You hit the wraith but do no damage. You bite the wraith, but do no damage.
The wraith hits you!
You die...

## .. ..##
..##### ..##
.##...##...## .
##..?..##...# ..
#.!!!?..'...+
...##..?!.##W..#
#...##...##@..##
#...#####...##
.. #.........##.
...#####'#####..
................
................
#######'''######
####...####
#..'...'..#


You could see a wraith.

Vanquished Creatures
  Ijyb (D:3)
  A mummy (Ossuary)
  2 adders
  An ooze (D:3)
  A dart slug (D:1)
  A giant gecko (D:5)
  An orc (D:3)
  A ball python (D:3)
  4 bats
  A giant cockroach (D:2)
  A goblin (D:3)
  A hobgoblin (D:3)
  3 jackals (D:3)
  A quokka (D:3)
  3 giant newts
  3 gnoll skeletons (Ossuary)
  2 kobolds
  3 kobold skeletons (Ossuary)
  3 orc skeletons (Ossuary)
  5 rats
39 creatures vanquished.

Notes
Turn   | Place    | Note
-------+----------+-------------------------------------------
     0 | D:1      | jacquesderrida the Vine Stalker Wanderer began the quest for the Orb.
     0 | D:1      | jacquesderrida set off with: a +2 falchion, 2 potions of lignification, a +0 robe, a +0 dagger, a bread ration
     0 | D:1      | Reached XP level 1. HP: 10/10 MP: 2/2
    36 | D:1      | Reached skill level 2 in Long Blades
   116 | D:2      | Reached XP level 2. HP: 14/14 MP: 3/3
   134 | D:2      | Found a shattered altar of Ashenzari.
   140 | D:2      | Became a worshipper of Ashenzari the Shackled
   225 | D:3      | Reached skill level 3 in Long Blades
   225 | D:3      | Reached XP level 3. HP: 18/18 MP: 4/4
   272 | D:3      | Found a shadowy altar of Dithmenos.
   354 | D:3      | Noticed Ijyb
   385 | D:3      | Killed Ijyb
   385 | D:3      | Gained mutation: Your natural rate of healing is unusually fast. [Vine Stalker growth]
   385 | D:3      | Reached XP level 4. HP: 14/22 MP: 5/5
   429 | D:3      | Reached skill level 4 in Long Blades
   560 | D:5      | Entered Level 5 of the Dungeon
   578 | D:5      | Found a white marble altar of Elyvilon.
   596 | D:5      | Found Anusuji's Gadget Shoppe.
   620 | D:5      | Found a sand-covered staircase.
   627 | Ossuary  | Entered an ossuary
   627 | Ossuary  | Noticed a wraith
   627 | Ossuary  | Noticed a wraith
   627 | Ossuary  | Noticed a wraith
   711 | Ossuary  | Noticed a wraith
   727 | Ossuary  | Slain by a wraith

Vault maps used:
D:1:      erik_arrival_orb_chamber
D:2:      first_bread, evilmike_ruin_ashenzari
D:3:      nicolae_dithmenos_shadow_blocks, grunt_ministairs_5, uniq_sigmund,
          uniq_iyjb
D:4:      serial_shops, shop, nemelex_dance_club_becter
D:5:      kennysheep_little_box, serial_shops, nicolae_shop_overgrown_old_shop,
          shop, shop, shop, shop, chequers_ossuary_entry_cave
Ossuary:  ossuary_due_mausoleum

Skill      XL: |  1  2  3  4 |
---------------+-------------+-----
Long Blades    | 2 3 4 |  4.3
Fighting       | |  1.0
Dodging        | |  1.0
Stealth        | |  2.4
Shields        | |  1.0
Unarmed Combat | |  3.0

Action                   |  1- 3 |  4- 6 || total
-------------------------+-------+-------++-------
Melee: Falchion          |    90 |    62 ||   152
       Bite              |    19 |    16 ||    35
  Use: Potion            |       |     4 ||     4
Armor: Robe              |     1 |       ||     1
       Scale mail        |    32 |    22 ||    54
Dodge: Dodged            |    34 |    25 ||    59
